 Seeded DCSS version 0.27-a0-1228-gfd60fd639a (webtiles) character file.

Game seed: 49 (custom seed)

29 Snicker the Sneak (level 3, 27/27 HPs)
             Began as a Demonspawn Brigand on June 8, 2021.
             Got out of the dungeon alive.
             The game lasted 00:03:04 (1168 turns).

Snicker the Sneak (Demonspawn Brigand)              Turns: 1168, Time: 00:03:05

Health: 27/27      AC:  5    Str: 11    XL:     3   Next: 1%
Magic:  3/3        EV: 11    Int: 12    God:
Gold:   29         SH:  4    Dex: 15    Spells: 2/2 levels left

rFire    . . .     SeeInvis .   a - +0 dagger (drain)
rCold    . . .     Faith    .   (no shield)
rNeg     . . .     Spirit   .   b - +1 robe
rPois    .         Reflect  .   (no helmet)
rElec    .         Harm     .   c - +1 cloak
rCorr    .         Rampage  .   (no gloves)
Will     .....                  (no boots)
Stlth    +++.......             (no amulet)
HPRegen  0.09/turn              (no ring)
MPRegen  0.08/turn              (no ring)

@: no status effects
A: hooves 1, large bone plates 1
a: no special abilities


You escaped.
You visited 1 branch of the dungeon, and saw 2 of its levels.

You collected 29 gold pieces.

Inventory:

Hand Weapons
 a - a +0 dagger of draining (weapon)
 f - a +2 dagger
 g - the +10 shortbow "Hunia" {flame, Contam +Blink rF+ Dex+3}
   (You acquired it on level 1 of the Dungeon)

   It causes projectiles fired from it to burn those they strike, causing extra
   injury to most foes and up to half again as much damage against particularly
   susceptible opponents.
   It affects your dexterity (+3).
   It protects you from fire.
   It lets you blink.
   It causes magical contamination when unequipped.
Missiles
 d - 8 poisoned darts (quivered)
 e - 2 curare-tipped darts
Armour
 b - a +1 robe (worn)
 c - a +1 cloak (worn)
Scrolls
 i - a scroll of identify
Potions
 j - a potion of brilliance
 l - a potion of curing {unknown}


   Skills:
 + Level 2.0 Fighting
 * Level 1.9 Short Blades
 + Level 1.7 Throwing
 + Level 0.8 Dodging
 * Level 4.6 Stealth


You had 2 spell levels left.
You didn't know any spells.
Your spell library was empty.

Dungeon Overview and Level Annotations

Branches:
Dungeon (2/15)

Altars:


Innate Abilities, Weirdness & Mutations

You have large cloven feet.
You are partially covered in large bone plates. (SH +4)


Message History

You see here an adder corpse.
There is a stone staircase leading up here.
You climb upwards.
There is a stone staircase leading down here.
HP restored.
Done exploring.
Done exploring.
Done exploring.
As you read the scroll labelled ISILAWN AVO ANE, it crumbles to dust.
It is a scroll of enchant armour.
Your +0 cloak glows green for a moment.
As you read the scroll labelled MIKKUN KUBOQ, it crumbles to dust.
You feel strangely unstable.
It was a scroll of teleportation.
As you read the scroll of enchant armour, it crumbles to dust.
Your +0 robe glows green for a moment.
As you read the scroll labelled KUIROY FIMAC, it crumbles to dust.
It is a scroll of identify.
j - a potion of brilliance Your surroundings suddenly seem different.
Unknown command.
Done exploring.
Done exploring.
Done exploring.
Unknown command.
Unknown command.
Your library has no spells.
Unknown command.
Unknown command.
Unknown command.
Search for what [Enter for "arrow", or ? for help]? arrow Can't find anything matching that.
Done exploring.
Done exploring.
There is an escape hatch in the floor here.
You enter the shallow water.
Moving in this stuff is going to be slow.
There is an open door here.
There is a staircase leading out of the dungeon here.
Are you sure you want to leave the Dungeon?
This will make you lose the game!
You have escaped!

.....# #.######.## ##.######.#
#.##.# #.# #..###.## #.# #.##.#
#.# #.♣...## #.# #.†#.# #.#
#♣≈≈≈♣## #.# ##.#.# ###.###
#P≈≈≈♣ #.# ...#.#
#.....####♣≈≈### #.# .....#
#.....##.##≈##.# #.# #..###
#.....##..'≈'..# #.# #..#
#.....##@##≈##.# #.# #..#
#.....####♣≈♣### #.#
#..##########.## ♣≈≈≈♣ #.#
...............##♣≈≈≈♣# #.#
#.##.#.######..##...#.# #.#
..##.#.# #.........#########.#
.###.#.######.###....#...........
.###.#..............###..........
.##....######......#####.########


There were no monsters in sight!

Vanquished Creatures
  An adder (D:2)
  2 ball pythons
  3 bats
  An endoplasm (D:2)
  A giant cockroach (D:1)
  2 goblins (D:1)
  A hobgoblin (D:1)
  3 kobolds (D:1)
  2 quokkas (D:1)
  2 rats (D:1)
18 creatures vanquished.

Notes
Turn   | Place    | Note
-------+----------+-------------------------------------------
     0 | D:1      | Snicker the Demonspawn Brigand began the quest for the Orb.
     0 | D:1      | Reached XP level 1. HP: 16/16 MP: 1/1
   135 | D:1      | Reached skill level 4 in Stealth
   146 | D:1      | Identified a scroll of acquirement
   146 | D:1      | Acquired the +10 shortbow "Hunia" {flame, Contam +Blink rF+
                  | Dex+3}
   149 | D:1      | Gained mutation: You are partially covered in large bone
                  | plates. (SH +4) [demonic ancestry]
   149 | D:1      | Reached XP level 2. HP: 22/22 MP: 2/2
   891 | D:2      | Gained mutation: You have large cloven feet. [demonic
                  | ancestry]
   891 | D:2      | Reached XP level 3. HP: 6/27 MP: 3/3
  1168 | D:$      | Got out of the dungeon alive.

Illustrated notes

Levels and vault maps discovered:
D:1:      sevenhm_arrival_forest_fort_small_4, layout_loops_ring
D:2:      layout_basic, shapermc_ecumenical_altar_gd, serial_bayou_pond_e,
          uniq_terence

Skill      XL: |  1 |
---------------+----+-----
Stealth        | 4 |  4.6
Fighting       | |  2.0
Short Blades   | |  1.9
Throwing       | |  1.7
Dodging        | |  0.8

Action                   || total
-------------------------++-------
Melee: Dagger            ||    51
  Use: Scroll            ||     5
 Stab: Sleeping          ||     4
Armor: Robe              ||    13
Dodge: Dodged            ||    23
Block: Other             ||     7

Table legend: (Time is in decaauts)
 A = Elapsed time spent in this place.
 B = Non-inter-level travel time spent in this place.
 C = Inter-level travel time spent in this place.
 D = Time resting spent in this place.
 E = Time spent auto-exploring this place.
 F = Levels seen in this place.
 G = Mean time per level.
                   A        B        C        D        E       F      G
               +--------+--------+--------+--------+--------+-----+--------+
         Total |   1171 |   1102 |     69 |      0 |    959 |   2 |  585.5 |
       Dungeon |   1171 |   1102 |     69 |      0 |    959 |   2 |  585.5 |
               +--------+--------+--------+--------+--------+-----+--------+

Top non-repeatable levels by time:
     D:1: 1152 daAuts
     D:2: 19 daAuts
